[Event "Titled Tuesday Blitz October 11 Late 2022"]
[White "Gonzalez, Francisco Silva"]
[Black "Zivkovic, Nemanja"]
[WhiteFideId "1512285"]
[BlackFideId "942154"]
[WhiteElo "2159"]
[BlackElo "2372"]
[Result "1-0"]
[Round "01"]
[TimeControl "180+1"]
[Date "2022.10.12"]
[WhiteClock "0:01:19"]
[BlackClock "0:00:58"]

1. d4 Nf6 2. c4 e6 3. Nc3 d5 4. Bg5 Be7 5. e3 O-O 6. Nf3 Nbd7 7. Qc2 dxc4 8. Bxc4 c5 9. Rd1 cxd4 10. Nxd4 a6 11. O-O Qc7 12. Bd3 b5 13. Bxh7+ Kh8 14. Be4 Bb7 15. Bf4 Qb6 16. Bxb7 Qxb7 17. Qe2 Rfd8 18. Bg5 Kg8 19. Qf3 Qb6 20. Nc6 Re8 21. Rxd7 Nxd7 22. Nxe7+ Kf8 23. Ng6+ Kg8 24. Nf4 f6 25. Nxe6 fxg5 26. Nxg5 Nf6 27. Nd5 Qd6 28. Nxf6+ Qxf6 29. Qd5+ Kh8 30. h4 Rac8 31. Qd3 g6 32. b3 Kg7 33. Qd7+ Qe7 34. Qd4+ Qe5 35. Qa7+ Re7 36. Qxa6 Rc2 37. a4 b4 38. Qb6 Qc5 39. Ne6+ Rxe6 40. Qxe6 Qc3 41. g3 Rb2 42. Rd1 Rd2 43. Rxd2 Qxd2 44. Qe7+ Kh6 45. Qg5+ Kh7 46. Kg2 Qc3 47. Qd5 Kh6 48. a5 1-0


[Site "https://www.chess.com"]

[Event "Titled Tuesday Blitz October 11 Late 2022"]
[White "Goryachkina, Aleksandra"]
[Black "Balkum, Alexander"]
[WhiteFideId "4147103"]
[BlackFideId "2005069"]
[WhiteElo "2484"]
[BlackElo "2353"]
[Result "1-0"]
[Round "01"]
[TimeControl "180+1"]
[Date "2022.10.12"]
[WhiteClock "0:00:19"]
[BlackClock "0:00:03"]

1. e4 c5 2. Nf3 Nc6 3. Bb5 g6 4. O-O Bg7 5. Re1 Nf6 6. c3 O-O 7. h3 Qb6 8. Na3 a6 9. Bf1 e5 10. Nc4 Qc7 11. d4 exd4 12. cxd4 b5 13. d5 Nd4 14. Nxd4 cxd4 15. Nd2 Re8 16. Bd3 d6 17. Nf3 Nd7 18. Bf4 Ne5 19. Rc1 Nxf3+ 20. Qxf3 Qe7 21. Rc6 Be5 22. Rec1 Bd7 23. Rc7 Rac8 24. Bd2 Rxc7 25. Rxc7 Rc8 26. Rxc8+ Bxc8 27. Qd1 Qc7 28. f4 Bg7 29. Qc2 Qxc2 30. Bxc2 Kf8 31. Bb4 Ke7 32. e5 Bb7 33. Bxd6+ Kd7 34. Be4 f5 35. Bf3 Bh6 36. g3 g5 37. Bb8 gxf4 38. gxf4 Kc8 39. e6 Bf8 40. Be5 Kd8 41. Kf2 Bc8 42. Bxd4 Bd6 43. Be5 Ke7 44. Bxd6+ Kxd6 45. Ke3 Bb7 46. Kd4 Bc8 47. Be2 Bb7 48. Bd3 Bxd5 49. e7 Bf7 50. a3 Kxe7 51. Bxf5 h6 52. Bc8 a5 53. Kc5 Be8 54. Bf5 Kf6 55. Bd3 Bd7 56. h4 1-0


[Site "https://www.chess.com"]

[Event "Titled Tuesday Blitz October 11 Late 2022"]
[White "Grigorov, Grigor"]
[Black "Roberson, Peter T"]
[WhiteFideId "2907313"]
[BlackFideId "412384"]
[WhiteElo "2510"]
[BlackElo "2346"]
[Result "1-0"]
[Round "01"]
[TimeControl "180+1"]
[Date "2022.10.11"]
[WhiteClock "0:01:00"]
[BlackClock "0:00:03"]

1. Nf3 d6 2. d4 Bg4 3. e4 Nf6 4. Nbd2 e6 5. c3 Be7 6. Bd3 O-O 7. O-O d5 8. Re1 c5 9. e5 Nfd7 10. h3 Bh5 11. Nf1 Nc6 12. Be3 cxd4 13. cxd4 f6 14. exf6 Bxf6 15. Be2 Qb6 16. N1h2 Qxb2 17. Rb1 Qxa2 18. Rxb7 Nb6 19. Ng4 Rab8 20. Rxb8 Rxb8 21. Nxf6+ gxf6 22. Nh4 Bxe2 23. Rxe2 Qa4 24. Rc2 Nc4 25. Qg4+ Kh8 26. Bh6 Rg8 27. Qxe6 Qa1+ 28. Rc1 Qxd4 29. Nf5 Qe5 30. Qd7 Rxg2+ 31. Kxg2 Qe4+ 32. Kg1 1-0


[Site "https://www.chess.com"]

[Event "Titled Tuesday Blitz October 11 Late 2022"]
[White "Grinev, Valeriy"]
[Black "Ferreira, Vitor Hugo Vieira"]
[WhiteFideId "14117517"]
[BlackFideId "2119765"]
[WhiteElo "2365"]
[BlackElo "2168"]
[Result "1-0"]
[Round "01"]
[TimeControl "180+1"]
[Date "2022.10.12"]
[WhiteClock "0:00:13"]
[BlackClock "0:00:10"]

1. d4 d5 2. c4 c6 3. cxd5 cxd5 4. Bf4 Qb6 5. Nc3 Nf6 6. Rc1 Nc6 7. e3 e6 8. Bb5 Be7 9. Nf3 Nh5 10. Be5 O-O 11. O-O Nxe5 12. Nxe5 Nf6 13. Qe2 a6 14. Bd3 Nd7 15. f4 f5 16. g4 Nxe5 17. fxe5 f4 18. Na4 Qb4 19. b3 fxe3 20. Qxe3 Bd7 21. Nc5 Rxf1+ 22. Bxf1 Bc8 23. Nd3 Qa5 24. Rc2 Bd7 25. Rf2 h6 26. Kg2 Rf8 27. Rxf8+ Kxf8 28. Kg3 Bg5 29. Qf2+ Kg8 30. h4 Be7 31. Nf4 Qc3+ 32. Kg2 Bd8 33. Ng6 Qb4 34. Bd3 Bb6 35. a3 Qxa3 36. g5 hxg5 37. hxg5 Be8 38. Qh4 Bxg6 39. Bxg6 Kf8 40. Qh8+ Ke7 41. Qe8# 1-0


[Site "https://www.chess.com"]

[Event "Titled Tuesday Blitz October 11 Late 2022"]
[White "Har-Zvi, Ronen"]
[Black "Shohat, Yotam"]
[WhiteFideId "2801485"]
[BlackFideId "2813955"]
[WhiteElo "2802"]
[BlackElo "2439"]
[Result "1-0"]
[Round "01"]
[TimeControl "180+1"]
[Date "2022.10.12"]
[WhiteClock "0:00:20"]
[BlackClock "0:00:04"]

1. Nf3 Nf6 2. c4 g6 3. Nc3 Bg7 4. g3 O-O 5. Bg2 d6 6. d4 Nbd7 7. O-O e5 8. b3 Re8 9. h3 c6 10. e4 exd4 11. Nxd4 Nc5 12. Re1 a5 13. Rb1 Nfd7 14. Be3 Ne5 15. Qc2 Ned3 16. Red1 Nb4 17. Qd2 Nba6 18. a3 Qc7 19. b4 axb4 20. axb4 Ne6 21. b5 Nac5 22. bxc6 bxc6 23. Nxc6 Qxc6 24. e5 Qa6 25. exd6 Bb7 26. Nd5 Rab8 27. Rb6 Qxc4 28. Rc1 Nb3 29. Rxc4 Nxd2 30. Bxd2 Bxd5 31. Rxb8 Rxb8 32. Bxd5 Rd8 33. Bxe6 fxe6 34. Bb4 Bf8 35. Rc6 Kf7 36. Rc7+ Kf6 37. Bc3+ e5 38. Rxh7 Bxd6 39. Kg2 Ke6 40. Bd2 Kf6 41. Be3 Ke6 42. Ra7 Rg8 43. Ra6 Kd5 44. g4 Be7 45. Ra5+ Ke6 46. Kf3 Kf7 47. Ke4 Bf6 48. Ra7+ Ke6 49. Ra6+ Kf7 50. g5 Be7 51. Ra7 Re8 52. Bc5 1-0


[Site "https://www.chess.com"]

[Event "Titled Tuesday Blitz October 11 Late 2022"]
[White "Hemam, Moulaye Brahim"]
[Black "Souleidis, Georgios"]
[WhiteFideId "19600054"]
[BlackFideId "4206827"]
[WhiteElo "2088"]
[BlackElo "2401"]
[Result "0-1"]
[Round "01"]
[TimeControl "180+1"]
[Date "2022.10.12"]
[WhiteClock "0:00:02"]
[BlackClock "0:00:14"]

1. e4 c6 2. d4 d5 3. Nc3 dxe4 4. Nxe4 Nf6 5. Nxf6+ exf6 6. Be3 Bd6 7. Qd2 O-O 8. O-O-O Nd7 9. Ne2 Re8 10. Nc3 Nb6 11. Kb1 Be6 12. a3 Nd5 13. Nxd5 cxd5 14. Bf4 Bf8 15. Bd3 a6 16. h3 b5 17. g4 Qb6 18. c3 a5 19. g5 f5 20. Qc2 b4 21. axb4 axb4 22. Qb3 Qa5 23. c4 dxc4 24. Bxc4 Bxc4 25. Qxc4 Rec8 26. Qxc8 Rxc8 27. Rd3 Qa4 28. Rc1 Rxc1+ 29. Kxc1 b3 30. Kd2 Bb4+ 31. Ke2 Qa2 32. d5 Qxb2+ 33. Kf3 Qc2 34. Ke3 Bc5+ 0-1


[Site "https://www.chess.com"]

[Event "Titled Tuesday Blitz October 11 Late 2022"]
[White "Hirneise, Jens"]
[Black "Keymer, Vincent"]
[WhiteFideId "24614734"]
[BlackFideId "12940690"]
[WhiteElo "2344"]
[BlackElo "2600"]
[Result "0-1"]
[Round "01"]
[TimeControl "180+1"]
[Date "2022.10.11"]
[WhiteClock "0:00:59"]
[BlackClock "0:00:18"]

1. Nf3 d5 2. d4 Nf6 3. e3 e6 4. b3 Bd6 5. Bb2 O-O 6. Nbd2 b6 7. Bd3 Bb7 8. O-O Nbd7 9. Re1 Ne4 10. Nf1 f5 11. Ng3 Qe7 12. a4 a5 13. c4 Rad8 14. Rc1 c6 15. Qc2 Rc8 16. Qe2 h6 17. Ne5 Nxe5 18. dxe5 Bb4 19. Red1 Qh4 20. Qh5 Qg5 21. h4 Nxg3 22. Qxg5 hxg5 23. fxg3 gxh4 24. gxh4 f4 25. exf4 Rxf4 26. h5 Rcf8 27. Bg6 Bc5+ 28. Kh2 Rh4+ 29. Kg3 Bf2# 0-1


[Site "https://www.chess.com"]

[Event "Titled Tuesday Blitz October 11 Late 2022"]
[White "Hnydiuk, Aleksander"]
[Black "Mamedov, Rauf"]
[WhiteFideId "1109057"]
[BlackFideId "13401653"]
[WhiteElo "2374"]
[BlackElo "2650"]
[Result "0-1"]
[Round "01"]
[TimeControl "180+1"]
[Date "2022.10.11"]
[WhiteClock "0:00:14"]
[BlackClock "0:02:10"]

1. e4 c5 2. Nf3 d6 3. d4 cxd4 4. Nxd4 Nf6 5. Nc3 g6 6. Be3 Bg7 7. f3 O-O 8. Qd2 Nc6 9. O-O-O d5 10. exd5 Nxd5 11. Nxc6 bxc6 12. Bd4 e5 13. Bc5 Be6 14. Bc4 Nxc3 15. Qxc3 Qg5+ 16. Kb1 e4 17. Bd4 Bxd4 18. Qxd4 Bxc4 19. Qxc4 e3 20. Rhe1 Qxg2 21. Rxe3 Qxh2 22. Qxc6 Rac8 23. Qe4 Rfd8 24. Rxd8+ Rxd8 25. b3 h5 26. Kb2 Qd6 27. Rd3 Qf6+ 28. c3 Rxd3 29. Qxd3 h4 30. Qd7 Kg7 31. Qg4 g5 32. Kc2 Qf4 33. Qh5 Qg3 34. Kd3 h3 35. Ke4 h2 36. Kd5 Qh4 0-1


[Site "https://www.chess.com"]

[Event "Titled Tuesday Blitz October 11 Late 2022"]
[White "Holt, Conrad"]
[Black "Korkmaz, Necmettin"]
[WhiteFideId "2034387"]
[BlackFideId "6303285"]
[WhiteElo "2862"]
[BlackElo "2459"]
[Result "1-0"]
[Round "01"]
[TimeControl "180+1"]
[Date "2022.10.12"]
[WhiteClock "0:00:10"]
[BlackClock "0:00:23"]

1. d4 d5 2. c4 e5 3. dxe5 d4 4. Nf3 Nc6 5. Nbd2 Nge7 6. Nb3 Nf5 7. e4 dxe3 8. Qxd8+ Nxd8 9. fxe3 Bb4+ 10. Kf2 Nc6 11. Bd3 Be7 12. Nbd4 Nh4 13. Nxc6 Nxf3 14. gxf3 bxc6 15. Be4 Bd7 16. Rd1 O-O-O 17. Bd2 Rhe8 18. Bc3 Kb7 19. b3 f5 20. Bc2 Be6 21. Rxd8 Rxd8 22. Rd1 Rf8 23. f4 g5 24. fxg5 Bxg5 25. Rg1 h6 26. Bb4 Rf7 27. Bd2 f4 28. exf4 Bxf4 29. Bxf4 Rxf4+ 30. Ke3 Rh4 31. Rg2 c5 32. Be4+ Kc8 33. Rg6 Kd7 34. Rg7+ Kd8 35. Rg2 Bd7 36. Bf3 Rh3 37. Rd2 Ke7 38. Kf4 Be6 39. Rf2 Rh4+ 40. Kg3 Rd4 41. Re2 Rd3 42. Kf4 Rd4+ 43. Be4 h5 44. Rg2 h4 45. Rg7+ Ke8 46. Ke3 Rd7 47. Bc6 Kd8 48. Bxd7 Bxd7 49. Rxd7+ Kxd7 50. Kf4 Ke6 51. h3 c6 52. Ke4 Ke7 53. Kf5 Kf7 54. e6+ Ke7 55. Ke5 a6 56. Kf5 a5 57. Ke5 Ke8 58. Kd6 1-0


[Site "https://www.chess.com"]

[Event "Titled Tuesday Blitz October 11 Late 2022"]
[White "Huber, Benedikt"]
[Black "Bilych, Olexiy"]
[WhiteFideId "12923583"]
[BlackFideId "14156504"]
[WhiteElo "2199"]
[BlackElo "2320"]
[Result "0-1"]
[Round "01"]
[TimeControl "180+1"]
[Date "2022.10.12"]
[WhiteClock "0:02:33"]
[BlackClock "0:02:13"]

1. d4 Nf6 2. Nc3 d5 3. Bf4 c5 4. e4 Nxe4 5. Nxe4 dxe4 6. dxc5 Qa5+ 7. c3 Qxc5 8. Qa4+ Nc6 9. Qxe4 Bf5 10. Qa4 e5 11. Be3 Qa5 12. Qxa5 Nxa5 13. Bb5+ Bd7 14. Nf3 Bxb5 0-1


[Site "https://www.chess.com"]

[Event "Titled Tuesday Blitz October 11 Late 2022"]
[White "Ibarra Jerez, Jose Carlos"]
[Black "Trent, Lawrence"]
[WhiteFideId "2226332"]
[BlackFideId "408638"]
[WhiteElo "2627"]
[BlackElo "2474"]
[Result "1-0"]
[Round "01"]
[TimeControl "180+1"]
[Date "2022.10.11"]
[WhiteClock "0:00:15"]
[BlackClock "0:00:45"]

1. e3 d5 2. Nf3 Bf5 3. c4 e6 4. Qb3 Nc6 5. cxd5 exd5 6. Qxb7 Nge7 7. Qb3 Rb8 8. Qa4 Rb4 9. Qd1 d4 10. Na3 d3 11. b3 Nd5 12. Bb2 Rg4 13. h3 Rg6 14. g3 Ndb4 15. Rc1 Nxa2 16. Rc4 Nab4 17. Nh4 Nc2+ 18. Nxc2 dxc2 19. Qf3 Bb4 20. Rxb4 Nxb4 21. Qxf5 O-O 22. Nxg6 fxg6 23. Qe5 Rf7 24. Bc4 Nd3+ 25. Bxd3 Qxd3 26. Qe8+ Rf8 27. Qe6+ Rf7 28. Qc4 Qf5 29. O-O Qxh3 30. Qxc2 h5 31. Qc6 Kh7 32. Qg2 Qe6 33. b4 g5 34. Bc3 h4 35. gxh4 gxh4 36. f4 Qh6 37. Kh2 Rf5 38. Rg1 g6 39. Qc6 Qf8 40. Qd7+ Kh6 41. Qe6 Qf7 42. Qxf7 Rxf7 43. Kh3 Rd7 44. Kxh4 Rd5 45. Rg5 Rd7 46. Rc5 Rf7 47. Kg4 Rd7 48. Bd4 a6 49. Rc6 Rd5 50. Rxc7 a5 51. Bg7+ Kh7 52. Bf6+ Kh6 53. Bg5+ Rxg5+ 54. fxg5# 1-0


[Site "https://www.chess.com"]

[Event "Titled Tuesday Blitz October 11 Late 2022"]
[White "Iliaguev, Nisim"]
[Black "Sarkar, Justin"]
[WhiteFideId "2817276"]
[BlackFideId "2010011"]
[WhiteElo "2264"]
[BlackElo "2250"]
[Result "1-0"]
[Round "01"]
[TimeControl "180+1"]
[Date "2022.10.12"]
[WhiteClock "0:02:30"]
[BlackClock "0:00:01"]

1. d4 Nf6 2. Nf3 d5 3. g3 e6 4. Bg2 Be7 5. O-O O-O 6. c4 c6 7. Nc3 Nbd7 8. Nd2 b6 9. e4 Ba6 10. exd5 cxd5 11. Re1 dxc4 12. Qa4 Qc8 13. Bxa8 b5 14. Nxb5 Bxb5 15. Qxb5 Qxa8 16. Qxc4 Rc8 17. Qd3 Nd5 18. Qf3 Qb8 19. Nb3 Nb4 20. Rf1 Nf6 21. Bd2 Nc2 22. Rac1 Qb5 23. Bc3 Nb4 24. Bxb4 1-0


[Site "https://www.chess.com"]

[Event "Titled Tuesday Blitz October 11 Late 2022"]
[White "Indjic, Aleksandar"]
[Black "Martin Carmona, Gaston Manuel"]
[WhiteFideId "911925"]
[BlackFideId "22284567"]
[WhiteElo "2592"]
[BlackElo "2235"]
[Result "1-0"]
[Round "01"]
[TimeControl "180+1"]
[Date "2022.10.11"]
[WhiteClock "0:02:21"]
[BlackClock "0:02:00"]

1. d4 Nf6 2. c4 g6 3. Nc3 Bg7 4. Nf3 d6 5. e4 O-O 6. Be2 e5 7. d5 a5 8. Bg5 Na6 9. Nd2 Qe8 10. a3 Bd7 11. b3 h6 12. Be3 b6 13. Rb1 Nc5 14. Qc2 Nh7 15. b4 axb4 16. axb4 Na4 17. Nb5 Qc8 18. O-O f5 19. f3 Rf7 20. Ra1 Qa6 21. Nxc7 1-0


[Site "https://www.chess.com"]

[Event "Titled Tuesday Blitz October 11 Late 2022"]
[White "Ismagilov, Damir"]
[Black "Sibilio, Mario"]
[WhiteFideId "34199982"]
[BlackFideId "800422"]
[WhiteElo "2106"]
[BlackElo "2296"]
[Result "1-0"]
[Round "01"]
[TimeControl "180+1"]
[Date "2022.10.12"]
[WhiteClock "0:00:07"]
[BlackClock "0:00:01"]

1. e4 c5 2. Nf3 b6 3. d4 cxd4 4. Nxd4 Bb7 5. Bd3 Nc6 6. c3 Nf6 7. Qe2 e5 8. Nf5 d5 9. exd5 Qxd5 10. Ne3 Qd6 11. Ba6 O-O-O 12. O-O Bxa6 13. Qxa6+ Kb8 14. Na3 Qd3 15. Nac4 Bc5 16. h3 Nd5 17. Rd1 Nc7 18. Rxd3 Nxa6 19. Rxd8+ Rxd8 20. b4 Bxe3 21. Bxe3 Nc7 22. Bc1 Rd1+ 23. Kh2 f6 24. Bb2 Rxa1 25. Bxa1 b5 26. Nd6 a6 27. a3 Ne6 28. c4 bxc4 29. Nxc4 Kc7 30. Ne3 Ncd4 31. Kg3 Kc6 32. Kg4 g6 33. Kg3 Kb5 34. Nd5 f5 35. Nf6 h5 36. Nd7 g5 37. Nxe5 f4+ 38. Kh2 Nc2 39. Bc3 Ka4 40. Nc6 Kxa3 41. Nb8 Kb3 42. Bd2 Nxb4 43. Bxb4 Kxb4 44. Nxa6+ Kc4 45. Nb8 Kd5 46. Nd7 g4 47. Nf6+ Ke5 48. Nxh5 gxh3 49. Kxh3 Ng5+ 50. Kg4 Ne4 51. f3 Nf2+ 52. Kg5 Nd3 53. Nf6 Ne1 54. Ng4+ Ke6 55. Kxf4 Nxg2+ 56. Kg5 Kf7 57. Ne5+ Kg7 58. Nd3 Ne3 59. f4 Nd5 60. f5 Nf6 61. Nf4 Nh7+ 62. Kg4 Nf6+ 63. Kf3 Nh7 64. Nh5+ Kh6 65. Ng3 Kg5 66. Ke4 1-0


[Site "https://www.chess.com"]

[Event "Titled Tuesday Blitz October 11 Late 2022"]
[White "Jacobson, Brandon"]
[Black "Ibadov, Dashgyn"]
[WhiteFideId "30901561"]
[BlackFideId "24107514"]
[WhiteElo "2451"]
[BlackElo "2208"]
[Result "1-0"]
[Round "01"]
[TimeControl "180+1"]
[Date "2022.10.11"]
[WhiteClock "0:01:48"]
[BlackClock "0:00:39"]

1. Nf3 d5 2. e3 Nf6 3. c4 e6 4. Nc3 Be7 5. b3 O-O 6. Bb2 b6 7. cxd5 exd5 8. d4 c5 9. Bd3 Be6 10. O-O h6 11. e4 dxe4 12. Nxe4 Nbd7 13. Ne5 Nxe5 14. Nxf6+ Bxf6 15. dxe5 Be7 16. Qe2 Qc7 17. f4 Bd5 18. f5 f6 19. Bc4 Bxc4 20. Qxc4+ Kh8 21. e6 Rad8 22. Rad1 Qc6 23. a4 Rxd1 24. Rxd1 Rd8 25. Rxd8+ Bxd8 26. Bc1 Qd6 27. Bf4 Qd1+ 28. Kf2 Qg4 29. Qe4 g5 30. fxg6 Kg7 31. e7 1-0


[Site "https://www.chess.com"]

[Event "Titled Tuesday Blitz October 11 Late 2022"]
[White "Jakubowski, Krzysztof"]
[Black "Kostiukov, Alexandr"]
[WhiteFideId "1112848"]
[BlackFideId "14108100"]
[WhiteElo "2373"]
[BlackElo "2202"]
[Result "1-0"]
[Round "01"]
[TimeControl "180+1"]
[Date "2022.10.12"]
[WhiteClock "0:00:45"]
[BlackClock "0:00:02"]

1. e4 c5 2. Nf3 g6 3. d4 cxd4 4. Nxd4 Nf6 5. Nc3 d6 6. Be3 Bg7 7. Be2 O-O 8. Qd2 Nc6 9. O-O-O Nxd4 10. Bxd4 Qa5 11. Kb1 Be6 12. Bxf6 Bxf6 13. Nd5 Qxd2 14. Nxf6+ Kg7 15. Nh5+ gxh5 16. Rxd2 Bg4 17. f3 Be6 18. h4 Kf6 19. b3 Rg8 20. Bd3 Ke5 21. c4 Rg3 22. Re1 b6 23. Kc2 Rc8 24. a4 a5 25. Bf1 Rc5 26. Kd3 Kf4 27. Ke2 f5 28. Kf2 Rg7 29. exf5 Kxf5 30. Bd3+ Kf6 31. Be4 Bf5 32. Bxf5 Rxf5 33. Rd4 Re5 34. Rf4+ Rf5 35. Rd4 Re5 36. Rxe5 dxe5 37. Rd8 Rg6 38. Rd7 Kf7 39. Rd5 Rd6 40. Rxe5 Rd3 41. Rb5 Rd6 42. Rxh5 1-0


[Site "https://www.chess.com"]

[Event "Titled Tuesday Blitz October 11 Late 2022"]
[White "Janaszak, Dawid"]
[Black "Izuzquiza Gonzalez, Javier"]
[WhiteFideId "1119206"]
[BlackFideId "3101029"]
[WhiteElo "2226"]
[BlackElo "2034"]
[Result "1-0"]
[Round "01"]
[TimeControl "180+1"]
[Date "2022.10.12"]
[WhiteClock "0:00:48"]
[BlackClock "0:00:03"]

1. e4 c5 2. Nc3 Nc6 3. Bb5 Nd4 4. Nf3 a6 5. Bd3 d6 6. O-O Bg4 7. Be2 Bxf3 8. Bxf3 g6 9. e5 Rb8 10. exd6 Qxd6 11. Ne4 Qc7 12. c3 Nxf3+ 13. Qxf3 Bg7 14. d4 cxd4 15. cxd4 Rd8 16. Bf4 Qc6 17. Rac1 Qd5 18. Rfe1 Nf6 19. Nd6+ Kf8 20. Qxd5 Nxd5 21. Nxb7 Re8 22. Be5 Bxe5 23. Rxe5 Nf4 24. Rc7 Ne6 25. Rc4 Kg7 26. d5 Nd8 27. Na5 f6 28. Re3 Nf7 29. Rc7 Ne5 30. f4 Ng4 31. Rexe7+ Rxe7 32. Rxe7+ Kh6 33. h3 1-0


[Site "https://www.chess.com"]

[Event "Titled Tuesday Blitz October 11 Late 2022"]
[White "Jean Louis, Marckens"]
[Black "Gubajdullin, Alexei"]
[WhiteFideId "11900270"]
[BlackFideId "4141202"]
[WhiteElo "2030"]
[BlackElo "2200"]
[Result "1/2-1/2"]
[Round "01"]
[TimeControl "180+1"]
[Date "2022.10.12"]
[WhiteClock "0:00:16"]
[BlackClock "0:00:18"]

1. d4 g6 2. Nf3 Nf6 3. c4 Bg7 4. Nc3 O-O 5. e3 d6 6. Be2 Nc6 7. d5 Nb8 8. O-O a5 9. Re1 Na6 10. Nb5 c6 11. dxc6 bxc6 12. Nbd4 Qc7 13. Bd2 Ne4 14. Qc2 Nxd2 15. Qxd2 Nc5 16. Rad1 a4 17. Bf1 Bd7 18. b4 axb3 19. axb3 e5 20. b4 Ne4 21. Qc2 Nxf2 22. Qxf2 exd4 23. exd4 Bg4 24. h3 Bxf3 25. Qxf3 Qb6 26. Qc3 c5 27. bxc5 dxc5 28. dxc5 Bxc3 29. cxb6 Bxe1 30. Rxe1 Rab8 31. Rb1 Rfc8 32. Rb5 Kf8 33. Be2 Ke7 34. c5 Ra8 35. b7 Ra1+ 36. Kh2 Rb8 37. Bf3 Rc1 38. c6 Kd6 39. Rd5+ Kc7 40. Rd7+ Kb6 41. Rxf7 h5 42. Rf6 g5 43. Kg3 Rc4 44. Rg6 h4+ 45. Kf2 Rc2+ 46. Ke3 Rc5 47. Kd4 Rd8+ 48. Ke4 Rxc6 49. Rxc6+ Kxc6 50. Kf5+ Kc7 51. Kxg5 Rh8 52. Kf6 Kb8 53. Kg7 Rd8 54. Kg6 Kc7 55. Kg5 Rh8 56. Bh5 Rg8+ 57. Kxh4 Rxg2 58. Bg4 Rh2 59. Kg3 Rxh3+ 60. Kxh3 Kxb7 1/2-1/2


[Site "https://www.chess.com"]

[Event "Titled Tuesday Blitz October 11 Late 2022"]
[White "Jimenez, Joaquin"]
[Black "Kislinsky, Alexey"]
[WhiteFideId "109860"]
[BlackFideId "14108801"]
[WhiteElo "2163"]
[BlackElo "2260"]
[Result "1/2-1/2"]
[Round "01"]
[TimeControl "180+1"]
[Date "2022.10.12"]
[WhiteClock "0:00:13"]
[BlackClock "0:00:14"]

1. e4 c5 2. Nf3 Nc6 3. d4 cxd4 4. Nxd4 g6 5. Nc3 Bg7 6. Be3 Nf6 7. Bc4 O-O 8. Bb3 a5 9. a4 Ng4 10. Qxg4 Nxd4 11. Bxd4 Bxd4 12. Qg3 d6 13. O-O-O Bg7 14. h4 Be6 15. h5 Bxb3 16. cxb3 Qb6 17. Nd5 Qd8 18. hxg6 fxg6 19. Qh3 Qc8+ 20. Kb1 Qxh3 21. Rxh3 Rxf2 22. Nxe7+ Kf7 23. Rxh7 Rxb2+ 24. Kc1 Rf2 25. Rd3 Re8 26. Nd5 Rxe4 27. Rf3+ Rxf3 28. gxf3 Rd4 29. Nb6 Rd3 30. Nc4 Kg8 31. Rh2 Rxf3 32. Nxa5 b6 33. Nc4 Rxb3 34. Nxd6 Be5 35. Rg2 Kg7 36. Nb5 Rb4 37. Re2 Bf4+ 38. Kc2 Rxa4 39. Re6 Ra6 40. Kd3 Kf7 41. Rc6 Be5 42. Ke4 Bf6 43. Kd5 Be7 44. Ke4 Ra4+ 45. Kf3 Bc5 46. Nc7 Rd4 47. Nb5 Rd5 48. Ke4 Rh5 49. Nc7 Rh4+ 50. Kd5 Rd4+ 51. Ke5 Rd7 52. Nb5 Kg7 53. Ke6 Rf7 54. Rc8 g5 55. Nc7 g4 56. Ne8+ Kg6 57. Nc7 g3 58. Nd5 g2 59. Rg8+ Rg7 60. Nf4+ Kh7 61. Rxg7+ Kxg7 62. Nxg2 b5 63. Kd5 Bf8 64. Nf4 Kf6 65. Ne6 Be7 66. Nd4 b4 67. Kc4 Ke5 68. Nc6+ Ke4 69. Nxe7 b3 70. Kxb3 1/2-1/2


[Site "https://www.chess.com"]

[Event "Titled Tuesday Blitz October 11 Late 2022"]
[White "Jorquera, Marcelo"]
[Black "Azaladze, Shota"]
[WhiteFideId "3401197"]
[BlackFideId "13603027"]
[WhiteElo "2136"]
[BlackElo "2439"]
[Result "0-1"]
[Round "01"]
[TimeControl "180+1"]
[Date "2022.10.12"]
[WhiteClock "0:00:01"]
[BlackClock "0:01:38"]

1. e4 c6 2. Nc3 d6 3. Nf3 g6 4. d4 Bg7 5. Be2 Bg4 6. O-O Nf6 7. h3 Bxf3 8. Bxf3 Nbd7 9. Be3 e5 10. Qd2 Qe7 11. Rfd1 h5 12. a4 a5 13. dxe5 dxe5 14. Qd6 Qxd6 15. Rxd6 Bh6 16. Bxh6 Rxh6 17. Rad1 Ke7 18. h4 Rhh8 19. g3 Nc5 20. R6d2 Rag8 21. Kf1 g5 22. hxg5 Rxg5 23. Ke2 h4 24. gxh4 Rxh4 25. Ke3 Rh3 26. Rh1 Rxh1 27. Bxh1 Rg1 28. Bf3 Ne6 29. Ne2 Rb1 30. b3 Re1 31. Kd3 Nc5+ 32. Ke3 b6 33. Bg2 Ng4+ 34. Kf3 Nf6 35. Ke3 Nh5 36. f3 Nf4 37. Kf2 Rc1 38. Ng3 Nce6 39. Nf5+ Kf6 40. Bf1 Nd4 41. Bd3 Nxf5 0-1


[Site "https://www.chess.com"]

[Event "Titled Tuesday Blitz October 11 Late 2022"]
[White "Kaganskiy, Gleb"]
[Black "Wadsworth, Matthew J"]
[WhiteFideId "4132025"]
[BlackFideId "415804"]
[WhiteElo "2165"]
[BlackElo "2367"]
[Result "0-1"]
[Round "01"]
[TimeControl "180+1"]
[Date "2022.10.12"]
[WhiteClock "0:00:03"]
[BlackClock "0:00:22"]

1. e4 e6 2. d4 d5 3. Nd2 h6 4. Ngf3 Nf6 5. e5 Nfd7 6. Bd3 c5 7. c3 Nc6 8. O-O g5 9. dxc5 Ncxe5 10. Nxe5 Nxe5 11. Bb5+ Bd7 12. Bxd7+ Qxd7 13. b4 Ng6 14. Nf3 Bg7 15. Bb2 g4 16. Nd4 e5 17. Nb3 h5 18. Re1 O-O 19. c4 d4 20. Na5 Nf4 21. Bc1 Ne6 22. a4 f5 23. Ra3 e4 24. f3 b6 25. cxb6 axb6 26. Nb3 Rxa4 27. fxe4 f4 28. Rxa4 Qxa4 29. Bd2 f3 30. gxf3 Rxf3 31. Nc1 Qa2 32. Re2 Qxc4 33. Qe1 d3 34. Re3 Bd4 35. Kg2 Bxe3 36. Bxe3 Qc2+ 37. Kh1 Rxe3 38. Qxe3 d2 0-1


[Site "https://www.chess.com"]

[Event "Titled Tuesday Blitz October 11 Late 2022"]
[White "Koellner, Ruben Gideon"]
[Black "Ardila, Oscar Humberto"]
[WhiteFideId "12993093"]
[BlackFideId "4404742"]
[WhiteElo "2303"]
[BlackElo "1898"]
[Result "1-0"]
[Round "01"]
[TimeControl "180+1"]
[Date "2022.10.12"]
[WhiteClock "0:00:03"]
[BlackClock "0:00:05"]

1. d4 Nf6 2. Bg5 e6 3. Nd2 Be7 4. e4 d6 5. c3 Nbd7 6. f4 h6 7. Bxf6 Nxf6 8. Bd3 c5 9. Ne2 Qb6 10. Qb3 Qc7 11. O-O Bd7 12. h3 a6 13. a4 O-O 14. Nf3 Bc6 15. Ng3 Rac8 16. Qd1 b5 17. Qe2 cxd4 18. Nxd4 Qb6 19. axb5 axb5 20. Kh2 Rb8 21. b4 Qb7 22. Rfe1 Rfc8 23. Ra3 Qc7 24. Nxb5 Bxb5 25. Bxb5 d5 26. e5 Nh7 27. Bd3 Nf8 28. Rb3 Qb6 29. b5 Bc5 30. Ra1 Ra8 31. Rxa8 Rxa8 32. Rb2 Ra3 33. Qc2 Qa5 34. Rb3 Ra2 35. Qb1 Bb6 36. Ne2 Ra1 37. Qc2 Nd7 38. Rb1 Ra2 39. Rb2 Ra1 40. c4 Qe1 41. cxd5 Bf2 42. Rb1 Rxb1 43. Qxb1 Qxb1 44. Bxb1 exd5 45. Bd3 Nb6 46. g3 Kf8 47. Kg2 Bc5 48. Nc3 Ke7 49. Kf3 Ke6 50. g4 g5 51. Bf5+ Ke7 52. Ne2 Nc4 53. fxg5 Nd2+ 54. Kg2 hxg5 55. Bd3 Ne4 56. Bxe4 dxe4 57. Nc3 e3 58. Kf3 Ke6 59. Ne4 Bb6 60. Nxg5+ Kxe5 61. Nxf7+ Kd4 62. Ng5 Kd3 63. Kg2 e2 64. Nf3 Ke3 65. h4 Kf4 66. g5 Kf5 67. Ne1 Kg4 68. g6 Bd4 69. b6 Kh5 70. b7 Bc3 71. Nd3 Be5 72. g7 Bxg7 73. b8=Q Kxh4 74. Qf4+ Kh5 75. Qf5+ 1-0


[Site "https://www.chess.com"]

[Event "Titled Tuesday Blitz October 11 Late 2022"]
[White "Korchmar, Vasiliy"]
[Black "Jensen, Matthew R"]
[WhiteFideId "24131750"]
[BlackFideId "2018110"]
[WhiteElo "2370"]
[BlackElo "2290"]
[Result "1-0"]
[Round "01"]
[TimeControl "180+1"]
[Date "2022.10.12"]
[WhiteClock "0:01:41"]
[BlackClock "0:00:46"]

1. e4 c6 2. d4 d5 3. e5 c5 4. dxc5 e6 5. Nf3 Bxc5 6. Bd3 Ne7 7. a3 Ng6 8. O-O O-O 9. Ng5 h6 10. Nxf7 Rxf7 11. Bxg6 Rf8 12. Qh5 Qb6 13. Nc3 Rxf2 14. Rxf2 Bxf2+ 15. Kh1 Be3 16. Qf3 Qd8 17. Bxe3 d4 18. Qf7+ Kh8 19. Bxh6 Qg8 1-0


[Site "https://www.chess.com"]